 Dungeon Crawl Stone Soup version 0.28-a0-895-g6e5f11bd55 (webtiles) character file.

Game seed: 16141074964344153310

168 patchburns1 the Covered (level 5, -1/41 HPs)
             Began as a Demonspawn Fighter on Nov 22, 2021.
             Succumbed to a water moccasin's poison
             ... on level 2 of the Dungeon.
             The game lasted 00:04:11 (1742 turns).

patchburns1 the Covered (Demonspawn Fighter)        Turns: 1742, Time: 00:04:12

Health: -1/41      AC:  9    Str: 18    XL:     5   Next: 24%
Magic:  5/5        EV:  9    Int:  9    God:
Gold:   55         SH:  4    Dex: 12    Spells: 4/4 levels left

rFire   . . .      SeeInvis .   a - +0 trident
rCold   . . .      Faith    .   c - +0 buckler
rNeg    . . .      Spirit   .   b - +0 scale mail
rPois   +          Reflect  .   (helmet restricted)
rElec   .          Harm     .   (no cloak)
rCorr   .          Rampage  .   (no gloves)
Will    .....                   (no boots)
Stlth   ..........              (no amulet)
HPRegen 0.13/turn               e - ring of poison resistance
MPRegen 0.09/turn               (no ring)

@: lethally poisoned (-1 -> -10), flying
A: horns 1, icy blue scales 1, spiny 1
a: no special abilities


You were on level 2 of the Dungeon.
You visited 1 branch of the dungeon, and saw 3 of its levels.

You collected 55 gold pieces.

Inventory:

Hand Weapons
 a - a +0 trident (weapon)
Missiles
 h - 43 arrows
 i - 5 silver javelins
 m - 6 javelins (quivered)
Armour
 b - a +0 scale mail (worn)
 c - a +0 buckler (worn)
Jewellery
 e - a ring of poison resistance (left hand)
 k - an amulet of magic regeneration
Scrolls
 g - a scroll of noise {unknown}
 j - a scroll of vulnerability {unknown}
 n - a scroll of identify {unknown}
 o - 2 scrolls of enchant armour {unknown}
 q - 2 scrolls of amnesia {unknown}
Potions
 d - a potion of might
 f - a potion of attraction {unknown}
 l - a potion of lignification {unknown}
 p - a potion of flight


   Skills:
 + Level 3.4 Fighting
 + Level 3.3 Polearms
 + Level 3.9 Armour
 + Level 0.5 Dodging
 + Level 0.1 Stealth
 + Level 3.0 Shields


You had 4 spell levels left.
You didn't know any spells.
Your spell library was empty.

Dungeon Overview and Level Annotations

Branches:
Dungeon (3/15)

Altars:


Innate Abilities, Weirdness & Mutations

You have a pair of small horns on your head.
You are partially covered in icy blue scales. (AC +2)
You are partially covered in sharp spines.


Message History

The water moccasin barely misses you.
The water moccasin is struck by your spines.
The water moccasin bites you.
There is a stone staircase leading up here.
You miss the water moccasin. You headbutt the water moccasin.
The water moccasin is moderately wounded.
The water moccasin is struck by your spines.
The water moccasin bites you. x2
The water moccasin bites you.
You climb upwards.
There is a stone staircase leading down here.
The water moccasin is struck by your spines.
The water moccasin bites you.
You puncture the water moccasin!
The water moccasin is severely wounded.
The water moccasin misses you. The water moccasin bites you.
* * * LOW HITPOINT WARNING * * *
You puncture the water moccasin!
Your headbutt misses the water moccasin.
The water moccasin is almost dead.
You block the water moccasin's attack. The water moccasin misses you.
You closely miss the water moccasin.
The water moccasin is almost dead.
The water moccasin bites you.
* * * LOW HITPOINT WARNING * * *
You are lethally poisoned!
The water moccasin poisons you!
You puncture the water moccasin!
You kill the water moccasin!
* * * LOW HITPOINT WARNING * * *
You feel very sick.
Your Polearms skill increases to level 3!
You have reached level 4!
You feel stronger.
Your demonic ancestry asserts itself...
Icy blue scales grow over part of your body.
You have reached level 5!
It was a potion of flight.
You feel very buoyant.
You fly up into the air.
You die...

.#####...# ##....# #..... .#
##.## ##.#.# #####. .# #.# #.#.#
#. '## #.# #.#.#######. ..##
#.####### #.#......... ...##
#.......# #.#########.
....######.##.# #.#.## ##..
.....####...#>########....####...
.....'.........†@............+...
.....####...#.#####.##....####...
....## ##.##.# #.##.#.## ##..
...## ##...# #.#..#.# ####. ..##
#.### #.#.##.# ##...# +## #.#
#......###..... .# ####.#
###.#####...... .# #.≈≈≈♣#
#.####....... .## #≈≈≈P≈#
#............


There were no monsters in sight!

Vanquished Creatures
  A water moccasin (D:2)
  2 adders
  A worm (D:2)
  2 dart slugs
  3 ball pythons
  6 endoplasms
  6 giant cockroaches (D:2)
  3 goblins (D:1)
  3 hobgoblins
  3 jackals (D:1)
  A kobold (D:2)
  A quokka (D:2)
  A bat (D:1)
  A frilled lizard (D:1)
  5 rats
39 creatures vanquished.

Notes
Turn   | Place    | Note
-------+----------+-------------------------------------------
     0 | D:1      | patchburns1 the Demonspawn Fighter began the quest for the
                  | Orb.
     0 | D:1      | Reached XP level 1. HP: 18/18 MP: 1/1
   397 | D:1      | Gained mutation: You are partially covered in sharp spines.
                  | [demonic ancestry]
   397 | D:1      | Reached XP level 2. HP: 22/24 MP: 2/2
   624 | D:1      | You fall into a shaft and drop 1 floor!
   658 | D:2      | Gained mutation: You have a pair of small horns on your
                  | head. [demonic ancestry]
   658 | D:2      | Reached XP level 3. HP: 28/29 MP: 3/3
  1722 | D:3      | Noticed a water moccasin
  1741 | D:2      | Killed a water moccasin
  1741 | D:2      | HP: 1/29 [poisoned by a water moccasin]
  1742 | D:2      | Gained mutation: You are partially covered in icy blue
                  | scales. (AC +2) [demonic ancestry]
  1742 | D:2      | Reached XP level 4. HP: 1/35 MP: 4/4
  1742 | D:2      | Reached XP level 5. HP: 1/41 MP: 5/5
  1742 | D:2      | Succumbed to a water moccasin's poison

Illustrated notes

Levels and vault maps discovered:
D:1:      dpeg_arrival_water_fire, layout_loops_cross, serial_shops, shop,
          kennysheep_flooded_box, hangedman_decor_growths
D:2:      layout_loops_corners, serial_bayou_pond_e, minmay_worlds_worst_comb
D:3:      layout_basic, grunt_ashenzari_visionary
          [grunt_ashenzari_visionary_swamp, grunt_ashenzari_visionary_snake],
          grunt_temple_overflow_diamond, cheibrodos_sewer_entry_drain,
          chequers_ecumenical_altar_grove, uniq_crazy_yiuf_cottage, uniq_ijyb

Skill      XL: |  1  2  3 |
---------------+----------+-----
Polearms       | 2 3 |  3.3
Armour         | 3 |  3.9
Shields        | 3 |  3.0
Fighting       | |  3.4
Dodging        | |  0.5
Stealth        | |  0.1

Action                   |  1- 3 |  4- 6 || total
-------------------------+-------+-------++-------
Melee: Trident           |   115 |       ||   115
       Headbutt          |     5 |       ||     5
  Use: Potion            |       |     1 ||     1
Armor: Scale mail        |    29 |       ||    29
Dodge: Dodged            |    34 |       ||    34
Block: Buckler           |    12 |       ||    12

Table legend: (Time is in decaauts)
 A = Elapsed time spent in this place.
 B = Non-inter-level travel time spent in this place.
 C = Inter-level travel time spent in this place.
 D = Time resting spent in this place.
 E = Time spent auto-exploring this place.
 F = Levels seen in this place.
 G = Mean time per level.
                   A        B        C        D        E       F      G
               +--------+--------+--------+--------+--------+-----+--------+
         Total |   1769 |   1709 |     60 |    305 |   1018 |   3 |  589.7 |
       Dungeon |   1769 |   1709 |     60 |    305 |   1018 |   3 |  589.7 |
               +--------+--------+--------+--------+--------+-----+--------+

Top non-repeatable levels by time:
     D:2: 1106 daAuts
     D:1: 636 daAuts
     D:3: 26 daAuts
